 Dungeon Sprint DCSS version 0.14-a0-329-g7c54ee0 (console) character file.

45 Dalvant the Firebug (level 2, -3/15 HPs)
             Began as a Deep Elf Fire Elementalist on Oct 22, 2013.
             Shot with an arrow of flame by an elf (5 damage)
             ... in the Dungeon (Sprint III: "The Ten Rune Challenge").
             The game lasted 00:01:05 (459 turns).

Dalvant the Firebug (Deep Elf Fire Elementalist)     Turns: 459, Time: 00:01:06

HP  -3/15        AC  2     Str  5      XL: 2   Next: 82%
MP   7/7         EV 13     Int 19      God:
Gold 20          SH  0     Dex 15      Spells:  1 memorised,  4 levels left

Res.Fire  : . . .   See Invis. : .   (no weapon)
Res.Cold  : . . .   Warding    : .   a - +0 elf robe
Life Prot.: . . .   Conserve   : .   (no shield)
Res.Poison: .       Res.Corr.  : .   (no helmet)
Res.Elec. : .       Clarity    : .   (no cloak)
Sust.Abil.: . .     Spirit.Shd : .   (no gloves)
Res.Mut.  : .       Prev.Telep.: +   (no boots)
Res.Rott. : .       Flight     : .   (no amulet)
Saprovore : . . .                    (no ring)
                                     (no ring)

@: not resistant to hostile enchantments, stealthy
A: no striking features
a: no special abilities


You were in the Dungeon.
You were not hungry.

You visited 1 branch

Inventory:

Armour
 a - a +0 elven robe (worn)
Magical devices
 h - a wand of random effects (12)
Comestibles
 c - a bread ration
Scrolls
 i - a scroll of blinking
 j - a scroll of enchant armour {unknown}
Potions
 d - a potion of curing
 e - 2 potions of heal wounds
 f - a potion of speed
 g - 2 potions of magic
Books
 b - a book of Flames

   Spells                             Type                      Level
   *Flame Tongue                      Conjuration/Fire             1
   Throw Flame                        Conjuration/Fire             2
   Conjure Flame                      Conjuration/Fire             3
   Inner Flame                        Hexes/Fire                   3
   Sticky Flame                       Conjuration/Fire             4
   Fireball                           Conjuration/Fire             5


   Skills:
 * Level 1.4 Fighting
 - Level 2.6 Dodging
 + Level 3.9 Stealth
 + Level 2.3 Spellcasting
 * Level 2.2 Conjurations
 + Level 5.4 Fire Magic


You had 4 spell levels left.
You knew the following spells:

 Your Spells              Type           Power        Failure   Level  Hunger
a - Flame Tongue          Conj/Fire      ###..        4%          1    #......


Dungeon Overview and Level Annotations

Branches:
Dungeon (1/1)

Altars:


Message History

An elf comes into view.
The elf shouts!
The elf wields a runed elven bow.
The elf shoots an arrow of flame.
The arrow of flame hits you!
You see here an arrow of flame.
Evoke which item? (* to show all) (? for menu, Esc to quit)
Zapping:
h - a shiny gold wand
Press: ? - help, Shift-Dir - straight line, f - elf
Aim: an elf, wielding a runed elven bow and wearing an elven ring mail The elf seems to speed up.
You feel that this wand is rather unreliable.
h - a wand of random effects {zapped: 1} The elf shoots an arrow of flame.
The arrow of flame hits you!
Ouch! That really hurt!
* * * LOW HITPOINT WARNING * * *
Evoke which item? (* to show all) (? for menu, Esc to quit)
Zapping:
h - a wand of random effects {zapped: 1}
Press: ? - help, Shift-Dir - straight line, f/p - elf
Aim: an elf, wielding a runed elven bow and wearing an elven ring mail (moving very quickly) Nothing appears to happen.
The elf shoots an arrow of flame.
The arrow of flame hits you!
You die...

#########
#<<.#...####
#...#......##
#..##.......#
###.##.##...#
##.##.###..# .
##.####.##..# .e.
#.###..##..##
#...# ##.....##).#
#....#
###..##...##.....#
##..##....#......#
#..###..##@# #).#
#..#### #### ####


You could see an elf.

Vanquished Creatures
  Jessica (D)
  A grey rat (D)
  2 oozes (D)
4 creatures vanquished.

Vanquished Creatures (others)
  A draconian scorcher (D)
  3 plants (D)
4 creatures vanquished.

Grand Total: 8 creatures vanquished

Notes
Turn   | Place    | Note
--------------------------------------------------------------
     0 | D        | Dalvant, the Deep Elf Fire Elementalist, began the quest for the Orb.
     0 | D        | Reached XP level 1. HP: 10/10 MP: 4/4
    45 | D        | Reached skill level 4 in Fire Magic
   253 | D        | Killed a white draconian scorcher
   333 | D        | Noticed Jessica
   341 | D        | Killed Jessica
   341 | D        | Reached skill level 1 in Fighting
   341 | D        | Reached skill level 5 in Fire Magic
   341 | D        | Reached XP level 2. HP: 13/15 MP: 1/7
   459 | D        | Shot with an arrow of flame by an elf

Action                   || total
-------------------------++-------
Melee: Unarmed           ||     4
 Cast: Flame Tongue      ||    13
Evoke: Wand              ||     2
  Use: Potion            ||     1
